 Dungeon Crawl Stone Soup version 0.31-a0-876-gfe8ebadbca (webtiles) character file.

Game seed: 16972544481335418989

31296 Darius099 the Severer (level 13, -9/111 HPs)
             Began as a Minotaur Fighter on Oct 14, 2023.
             Was the Champion of Okawaru.
             Mangled by a catoblepas (11 damage)
             ... while petrified by a catoblepas
             ... on level 14 of the Dungeon.
             The game lasted 01:20:36 (17937 turns).

Darius099 the Severer (Minotaur Fighter)           Turns: 17937, Time: 01:20:37

Health: -9/111     AC: 32    Str: 26    XL:     13   Next: 25%
Magic:  16/16      EV:  2    Int:  5    God:    Okawaru [******]
Gold:   326        SH:  0    Dex: 10    Spells: 12/12 levels left

rFire   + + .        J - +1 broad axe (drain)
rCold   + + .        L - +2 shield of Resistance {rF++ rC++ Will++}
rNeg    + + +        I - +3 crystal plate armour
rPois   ∞            z - +0 hat {Will+}
rElec   .            (no cloak)
rCorr   .            e - +0 pair of gloves
SInv    .            a - +0 pair of boots
Will    +++..        t - amulet of regeneration Stlth
                     q - +4 ring of protection
HPRegen 1.18/turn    (no ring)
MPRegen 0.15/turn

%: no passive effects
@: lethally poisoned (-9 -> -9), petrified
A: horns 2, retaliatory headbutt
a: Renounce Religion, Heroism, Finesse, Duel, Receive Weapon, Receive Armour


You were on level 14 of the Dungeon.
You worshipped Okawaru.
Okawaru was exalted by your worship.
You visited 2 branches of the dungeon, and saw 15 of its levels.
You also visited: Ossuary and Bailey.

You collected 1101 gold pieces.
You spent 775 gold pieces at shops.

Inventory:

Hand Weapons
 s - a +6 spear of freezing
 J - a +1 broad axe of draining (weapon)
Missiles
 g - a throwing net
 y - 3 javelins
 N - 2 silver javelins
Armour
 a - a +0 pair of boots (worn)
 e - a +0 pair of gloves (worn)
 z - a +0 hat of willpower (worn)
 I - a +3 crystal plate armour (worn)
 L - the +2 shield of Resistance (worn) {rF++ rC++ Will++}
   (You bought it in a shop on level 8 of the Dungeon)

   rF++:      It greatly protects you from fire.
   rC++:      It greatly protects you from cold.
   Will++:    It greatly increases your willpower.
Jewellery
 q - a +4 ring of protection (left hand)
 t - an amulet of regeneration (around neck)
Talismans
 u - a storm talisman
Wands
 r - a wand of acid (25)
 B - a wand of roots (13)
 G - a wand of mindburst (18)
Scrolls
 b - a scroll of teleportation
 c - 7 scrolls of identify
 n - 2 scrolls of revelation
 o - a scroll of vulnerability
 p - a scroll of silence
 C - 3 scrolls of enchant weapon
 D - 2 scrolls of immolation
 E - a scroll of fog
 F - a scroll of poison {unknown}
 K - a scroll of torment
 M - a scroll of blinking {unknown}
Potions
 d - 5 potions of might
 f - 3 potions of heal wounds {unknown}
 h - 2 potions of berserk rage {unknown}
 i - 3 potions of cancellation
 j - a potion of ambrosia
 k - 3 potions of attraction
 l - 7 potions of haste
 m - 5 potions of mutation
 v - 5 potions of brilliance
 w - 9 potions of curing
 x - 3 potions of lignification
 A - 9 potions of enlightenment
 H - 2 potions of invisibility {unknown}


   Skills:
 + Level 9.1 Fighting
 - Level 18.0 Axes
 - Level 13.0 Armour
 - Level 10.5 Shields
 - Level 6.0 Invocations
 + Level 4.9 Evocations


You had 12 spell levels left.
You didn't know any spells.
Your spell library contained the following spells:

 Spells                   Type           Power      Damage    Failure   Level
 Blink                    Tloc           0%         N/A       100%        2
 Lesser Beckoning         Tloc           0%         N/A       100%        2
 Momentum Strike          Conj/Tloc      0%         3d8       100%        2
 Frozen Ramparts          Ice            0%         1d1       100%        3
 Inner Flame              Hex/Fire       0%         N/A       100%        3
 Flame Wave               Conj/Fire      0%         2d4       100%        4
 Manifold Assault         Tloc           0%         N/A       100%        4
 Petrify                  Tmut/Erth      0%         N/A       100%        4
 Sticky Flame             Conj/Fire      0%         2d3       100%        4
 Metabolic Englaciation   Hex/Ice        0%         N/A       100%        5


Dungeon Overview and Level Annotations

Branches:
Dungeon (14/15)            Temple (1/1) D:5            Lair (0/5) D:9
    Orc (0/2) D:12         Vaults (0/5) D:14        Ossuary (visited)
 Bailey (visited)

Altars:
Ashenzari
Cheibriados
Dithmenos
Elyvilon
Fedhas
Gozag
Hepliaklqana
Kikubaaqudgha
Makhleb
Nemelex Xobeh
Okawaru
Qazlal
Ru
Sif Muna
Trog
Uskayaw
Vehumet
Wu Jian
Xom
Yredelemnul
Zin
The Shining One

Shops:
D:6 **   D:8 [   D:10 (   D:13 **

Annotations:
D:8 exclusion: ice statue
D:14 1 transporter, Qymaymp's ghost, adept GrEE


Innate Abilities, Weirdness & Mutations

You have a pair of horns on your head.
You reflexively headbutt those who attack you in melee.


Message History

The catoblepas gores you but does no damage.
The catoblepas gores you but does no damage.
The moth of wrath is engulfed in calcifying dust.
The catoblepas breathes a plume of calcifying dust at you.
The blast of calcifying dust hits the catoblepas.
The blast of calcifying dust hits you but does no damage.
The blast of calcifying dust hits the moth of wrath.
You are engulfed in calcifying dust.
The wolf spider is no longer petrified.
The wolf spider hits you!
The wolf spider bites you but does no damage.
The catoblepas gores you!!
The moth of wrath is engulfed in calcifying dust.
The wolf spider hits you! The wolf spider bites you!
The catoblepas gores you but does no damage.
You are engulfed in calcifying dust.
The wolf spider hits you!!
* * * LOW HITPOINT WARNING * * *
The wolf spider bites you but does no damage.
The moth of wrath is engulfed in calcifying dust.
The catoblepas gores you but does no damage.
The wolf spider hits you!
* * * LOW HITPOINT WARNING * * *
The wolf spider bites you.
* * * LOW HITPOINT WARNING * * *
The catoblepas breathes a plume of calcifying dust at you.
The blast of calcifying dust hits the catoblepas but does no damage.
The blast of calcifying dust hits you.
* * * LOW HITPOINT WARNING * * *
The blast of calcifying dust hits the moth of wrath.
The moth of wrath is engulfed in calcifying dust.
You are engulfed in calcifying dust.
The wolf spider hits you but does no damage.
The wolf spider bites you!
* * * LOW HITPOINT WARNING * * *
The catoblepas gores you!
* * * LOW HITPOINT WARNING * * *
The wolf spider hits you!
* * * LOW HITPOINT WARNING * * *
The wolf spider bites you but does no damage.
The catoblepas gores you!!
You die...

....# ##..#####.##.### ....#
#..##......#...# ....#
#######.##....#..##..#####
....####.......#...#...#.#..'..>#
....#..........##..##.#. #..###.#
....#..###.....©#.#...#$##..# #.#
#'#.#..#.......##H....#?#...# #.#
#.#.#..#.#.....#ysW#©.=!#©..###.#
#'#.#.##.#..##.#@#HWH#y|#.......#
....#....#..##.##Y#.§Y.$##.......
.....>......##..#YD.#.#..#.......
...##..####.###.#...#.#..#.......
...'...# #...#.#©.(....##.......
...##..# ###.#.###...###..###...
.......# #.....#####..........
######.##########.......#####...#
.....#.............###...........


You could see 2 catoblepae, a five-headed hydra (berserk, petrified), a wolf
spider (berserk), a manticore, a moth of wrath (petrified) and Qymaymp's ghost.

Vanquished Creatures
  Azrael (D:13)
  A fire dragon (D:14)
  2 centaur warriors (D:13)
  2 two-headed ogres
  A boulder beetle (D:11)
  Sonja (D:12)
  An iron troll (D:14)
  Pikel (D:4)
  3 deep elf pyromancers
  A wolf spider (D:14)
  3 cyclopes
  13 ugly things
  3 manticores (D:14)
  A gargoyle (D:11)
  An unseen horror (D:13)
  Maggie (D:7)
  2 freezing wraiths
  5 trolls
  Grinder (D:4)
  A meliai (shapeshifter) (D:14)
  A wind drake (shapeshifter) (D:14)
  Prince Ribbit (D:5)
  12 slime creatures
  Sigmund (D:3)
  A vampire (D:12)
  2 shadows
  14 yaks
  A human (D:13)
  2 wraiths
  A fire elemental (D:13)
  A hog (D:13)
  A wyvern (D:8)
  Grum (D:11)
  Eustachio (D:4)
  6 vampire mosquitoes
  3 swamp worms (D:8)
  A water moccasin (D:9)
  4 acid dragons
  6 hell hounds (D:13)
  11 orc warriors
  5 sky beasts
  3 black bears
  6 centaurs
  7 wolves
  A bullfrog (D:8)
  A kobold brigand (D:9)
  3 gnoll sergeants
  4 scorpions
  4 killer bees (D:9)
  4 electric eels (D:9)
  8 howler monkeys
  3 hounds (D:9)
  2 jellies
  16 orc priests
  2 sleepcaps
  An iguana (D:5)
  Ijyb (D:3)
  9 orc wizards
  Natasha (thrice) (D:4)
  8 mummies (Ossuary)
  Robin (D:2)
  19 gnolls
  8 adders
  A shadow imp (D:5)
  3 ufetubi
  A worm (D:3)
  7 dart slugs
  75 orcs
  10 ball pythons
  4 bats
  3 endoplasms
  3 giant cockroaches
  19 goblins
  8 hobgoblins
  3 jackals (D:4)
  5 quokkas
  4 frilled lizards
  A hobgoblin zombie (Ossuary)
  26 kobolds
  3 kobold zombies (Ossuary)
  4 orc zombies (Ossuary)
  8 rats
423 creatures vanquished.

Notes
Turn   | Place    | Note
-------+----------+-------------------------------------------
     0 | D:1      | Darius099 the Minotaur Fighter began the quest for the Orb.
     0 | D:1      | Reached XP level 1. HP: 19/19 MP: 0/0
   175 | D:1      | Reached skill level 3 in Axes
   226 | D:1      | Reached XP level 2. HP: 27/27 MP: 1/1
   574 | D:2      | Reached skill level 4 in Axes
   686 | D:2      | Reached XP level 3. HP: 33/33 MP: 2/2
   898 | D:2      | Noticed Robin
   906 | D:2      | Reached skill level 5 in Axes
   920 | D:2      | Killed Robin
   921 | D:2      | Reached XP level 4. HP: 15/40 MP: 3/3
  1697 | D:3      | Noticed Sigmund
  1732 | D:3      | Killed Sigmund
  1733 | D:3      | Reached skill level 7 in Axes
  1733 | D:3      | Reached XP level 5. HP: 8/46 MP: 4/4
  2029 | D:3      | Reached XP level 6. HP: 52/52 MP: 5/5
  2159 | D:3      | Found a glowing golden altar of the Shining One.
  2255 | D:3      | Noticed Ijyb
  2278 | D:3      | Killed Ijyb
  2856 | D:4      | Reached skill level 8 in Axes
  2913 | D:4      | Noticed Natasha
  2922 | D:4      | Killed Natasha
  2957 | D:4      | Noticed Grinder
  2959 | D:4      | Paralysed by Grinder for 5 turns
  2970 | D:4      | Reached skill level 9 in Axes
  2972 | D:4      | Paralysed by Grinder for 3 turns
  2976 | D:4      | Killed Grinder
  2977 | D:4      | Reached skill level 10 in Axes
  2977 | D:4      | Reached XP level 7. HP: 37/58 MP: 6/6
  3123 | D:4      | Noticed Natasha
  3153 | D:4      | Noticed Pikel
  3171 | D:4      | Killed Pikel
  3172 | D:4      | Reached skill level 11 in Axes
  3172 | D:4      | Reached XP level 8. HP: 39/66 MP: 7/7
  3290 | D:4      | Noticed Eustachio
  3301 | D:4      | Killed Eustachio
  3302 | D:4      | Reached skill level 12 in Axes
  3569 | D:4      | Killed Natasha
  3698 | D:4      | Noticed Natasha
  3703 | D:4      | Killed Natasha
  3716 | D:5      | Entered Level 5 of the Dungeon
  4305 | D:5      | Reached skill level 13 in Axes
  4555 | D:5      | Found a staircase to the Ecumenical Temple.
  4574 | Temple   | Entered the Ecumenical Temple
  4804 | D:5      | Found a glowing silver altar of Zin.
  4817 | D:5      | Found a snail-covered altar of Cheibriados.
  4933 | D:5      | Found a shadowy altar of Dithmenos.
  5725 | D:6      | Noticed Prince Ribbit
  5799 | D:5      | Killed Prince Ribbit
  5800 | D:5      | Reached skill level 14 in Axes
  5800 | D:5      | Reached XP level 9. HP: 43/71 MP: 8/8
  6141 | D:6      | Found Pusoargh's Specific Store.
  6145 | D:6      | Found Wiyn's General Store.
  6418 | D:6      | Found a sand-covered staircase.
  6422 | Ossuary  | Entered an ossuary
  6822 | D:6      | You fall into a shaft and drop 2 floors!
  7060 | D:7      | Reached skill level 15 in Axes
  7145 | D:7      | Noticed Maggie
  7159 | D:7      | Killed Maggie
  7247 | D:7      | Found a flagged portal.
  7301 | Bailey   | Entered a bailey
  7368 | Bailey   | Reached skill level 16 in Axes
  7476 | Bailey   | Reached skill level 5 in Fighting
  8033 | D:7      | Reached XP level 10. HP: 57/83 MP: 9/9
  8183 | D:7      | Reached skill level 5 in Armour
  9195 | D:8      | Identified the +4 sling of Nuryocu {heavy, Will+}
  9662 | D:8      | Found Hoaweistree's Armour Emporium.
 10184 | D:8      | Noticed an ice statue
 11050 | D:9      | Found a staircase to the Lair.
 11321 | D:9      | Reached skill level 10 in Armour
 11840 | D:10     | Entered Level 10 of the Dungeon
 12058 | D:10     | Noticed a two-headed ogre
 12069 | D:10     | Killed a two-headed ogre
 12070 | D:10     | Reached XP level 11. HP: 68/89 MP: 10/10
 12196 | D:10     | Noticed a cyan ugly thing
 12202 | D:10     | Killed a cyan ugly thing
 12203 | D:10     | Reached skill level 17 in Axes
 12247 | D:10     | Found a basalt altar of Yredelemnul.
 12283 | D:10     | Found an iron altar of Okawaru.
 12292 | D:10     | Became a worshipper of Warmaster Okawaru
 12375 | D:10     | Found Kerio's Weapon Shop.
 12450 | D:10     | Reached * piety under Okawaru
 12801 | D:8      | Bought the +2 shield of Resistance {rF++ rC++ Will++} for
                  | 775 gold pieces
 12801 | D:8      | Found the +2 shield of Resistance {rF++ rC++ Will++}
 12913 | D:9      | Found a shimmering blue altar of Sif Muna.
 13225 | D:11     | Noticed Grum
 13228 | D:11     | Noticed a red ugly thing
 13284 | D:10     | Killed a red ugly thing
 13545 | D:11     | Noticed a boulder beetle
 13561 | D:11     | Killed a boulder beetle
 13793 | D:11     | Killed Grum
 13807 | D:11     | Reached ** piety under Okawaru
 13808 | D:11     | Reached skill level 5 in Shields
 13975 | D:11     | Identified the +8 ring mail of Kindness {-Tele rPois rN+
                  | Slay+2}
 14477 | D:12     | Reached *** piety under Okawaru
 14478 | D:12     | Reached skill level 18 in Axes
 14524 | D:12     | Noticed Sonja
 14533 | D:12     | Killed Sonja
 14592 | D:12     | Noticed a brown ugly thing
 14603 | D:12     | Killed a brown ugly thing
 14678 | D:12     | Found a staircase to the Orcish Mines.
 14913 | D:12     | Reached XP level 12. HP: 86/96 MP: 11/11
 14939 | D:12     | Found an ornate altar of the Wu Jian Council.
 15270 | D:12     | Reached **** piety under Okawaru
 15275 | D:12     | Reached skill level 1 in Invocations
 15968 | D:13     | Found Zitaoguc's Assorted Antiques.
 16011 | D:13     | Found an opulent altar of Gozag.
 16027 | D:13     | Noticed a centaur warrior
 16036 | D:13     | Killed a centaur warrior
 16078 | D:13     | Noticed a centaur warrior
 16093 | D:13     | Killed a centaur warrior
 16093 | D:13     | Reached ***** piety under Okawaru
 16225 | D:13     | Noticed Azrael
 16231 | D:13     | Reached skill level 5 in Invocations
 16251 | D:13     | Reached skill level 10 in Shields
 16254 | D:13     | Killed Azrael
 16352 | D:13     | Found Lorchoaxt's General Store.
 16585 | D:14     | Identified the +11 falchion "Noemerr" {freeze, rCorr Int+2
                  | Dex+4}
 16588 | D:14     | Found a transporter.
 16605 | D:14     | Found a transporter.
 16780 | D:14     | Noticed a two-headed ogre
 16784 | D:14     | Killed a two-headed ogre
 16785 | D:14     | Reached skill level 1 in Evocations
 16964 | D:14     | Received a gift from Okawaru
 16996 | D:14     | Noticed a fire dragon
 17003 | D:14     | Killed a fire dragon
 17016 | D:14     | Found a gate to the Vaults.
 17022 | D:14     | Identified the +3 falchion of Exoneration {freeze, Fly
                  | Will- MP+9 Dex+3}
 17100 | D:14     | Reached XP level 13. HP: 99/107 MP: 16/16
 17278 | D:14     | Reached ****** piety under Okawaru
 17372 | D:14     | Noticed Qymaymp's ghost (adept GrEE)
 17929 | D:14     | Received a gift from Okawaru
 17937 | D:14     | HP: 2/111 [wolf spider (7)]
 17937 | D:14     | Mangled by a catoblepas

Illustrated notes

Levels and vault maps discovered:
D:1:      eino_arrival_water_cross, layout_rooms, serial_corexii_hall,
          chequers_hall_statues_corner_a, corexii_hall_statues_u,
          grunt_decor_junction, minmay_pentomino_r2
D:2:      layout_loops_corners, uniq_robin
D:3:      layout_loops_corners, marbit_many_paths, uniq_sigmund, uniq_ijyb
D:4:      layout_loops_cross, minmay_misc_feat_hallway, mrwooster_statue_mirror,
          uniq_pikel, uniq_eustachio, uniq_natasha, uniq_grinder
D:5:      layout_basic, chequers_temple_overflow_statue_of_worship,
          nicolae_dithmenos_through_a_glass_darkly,
          minmay_temple_entry_offerings, serial_bayou, serial_bayou_shore_a,
          serial_bayou_pond_d, serial_bayou_pond_c, serial_bayou_pond_c,
          serial_bayou_lake_a, serial_bayou_lagoon_a,
          kennysheep_decorative_pillar, minmay_fountain_box, amethyst_killhole,
          minmay_hedge_maze
D:6:      layout_cave_pools, nicolae_ossuary_entry_plus, st_stairs_1,
          nicolae_specific_store, uniq_prince_ribbit1
D:7:      layout_basic, enter_bailey_4, grunt_decor_fettered,
          minmay_misc_feat_diagonals, st_stairs_14, uniq_maggie
D:8:      lemuel_ice_statue, layout_layer_cave, serial_shops, shop,
          minmay_misc_feat_more_columns, ebering_dispersal_statue_hall,
          worms_lemuel
D:9:      layout_irregular_city, lemuel_blue_sif_altar, erik_lair_island,
          centaur_isle
D:10:     layout_roguey, mainiacjoe_overflow_catch_the_wave, serial_shops,
          nicolae_shop_rolling_square
D:11:     layout_loops_ring, uniq_grum
D:12:     layout_irregular_city, hiddenorc2_lemuel,
          nicolae_wu_jian_wuxing_cycle, uniq_sonja
D:13:     layout_stronghold, serial_shops, shop, nicolae_shop_behind_doors,
          grunt_livestock, grunt_gozag_statues, uniq_azrael
D:14:     layout_basic, david_vaults_4, gammafunk_ghost_berserking_beasts
Temple:   eino_wide_crystal_templ

Skill      XL: |  1  2  3  4  5  6  7  8  9 10 11 12 13 |
---------------+----------------------------------------+-----
Axes           | 3 4 5 7 10 11 14 16 18 | 18.0
Fighting       | 6 7 9 |  9.1
Armour         | 4 10 12 13 | 13.0
Shields        | 7 10 | 10.5
Invocations    | 6 |  6.0
Evocations     | 3 4 |  4.9

Action                     |  1- 3 |  4- 6 |  7- 9 | 10-12 | 13-15 || total
---------------------------+-------+-------+-------+-------+-------++-------
  Melee: War axe           |    85 |   139 |   325 |    95 |       ||   644
         Headbutt          |     6 |    19 |    49 |   117 |    17 ||   208
         Broad axe         |       |       |       |   552 |    85 ||   637
    Use: Scroll            |       |       |     9 |    13 |       ||    22
   Stab: Petrified         |       |       |       |       |     3 ||     3
 Armour: Scale mail        |    60 |    48 |       |       |       ||   108
         Ring mail         |       |    42 |   217 |       |       ||   259
         Crystal plate arm |       |       |     9 |   579 |    93 ||   681
  Dodge: Dodged            |    56 |    50 |   196 |   213 |    11 ||   526
  Block: Buckler           |    22 |    23 |    69 |    46 |       ||   160
         Kite shield       |       |       |       |   228 |    35 ||   263

Table legend: (Time is in decaauts)
 A = Elapsed time spent in this place.
 B = Non-inter-level travel time spent in this place.
 C = Inter-level travel time spent in this place.
 D = Time resting spent in this place.
 E = Time spent auto-exploring this place.
 F = Levels seen in this place.
 G = Mean time per level.
                   A        B        C        D        E       F      G
               +--------+--------+--------+--------+--------+-----+--------+
         Total |  17913 |  17373 |    540 |   3953 |   5549 |  17 | 1053.7 |
       Dungeon |  17090 |  16550 |    540 |   3685 |   5538 |  14 | 1220.7 |
        Temple |     25 |     25 |      0 |      0 |      0 |   1 |   25.0 |
       Ossuary |    300 |    300 |      0 |    111 |      1 |   1 |  300.0 |
        Bailey |    496 |    496 |      0 |    157 |     10 |   1 |  496.0 |
               +--------+--------+--------+--------+--------+-----+--------+

Top non-repeatable levels by time:
     D:5: 2043 daAuts
     D:9: 1664 daAuts
     D:8: 1618 daAuts
     D:7: 1452 daAuts
    D:14: 1325 daAuts
    D:10: 1278 daAuts
     D:3: 1254 daAuts
     D:4: 1206 daAuts
    D:12: 1076 daAuts
     D:2: 1059 daAuts
    D:13: 1007 daAuts
    D:11: 911 daAuts
     D:6: 666 daAuts
     D:1: 524 daAuts
  Bailey: 496 daAuts
